Map: 애씨드 플랜트 - 래더

Players

SpeCial

  • Race: Terran Terran
  • Spawn Location: 5:00

Maru - Winner!

  • Race: Terran Terran
  • Spawn Location: 11:00

Event: IEM Season 12 - Katowice

VOD

Have the link to the VOD?

Description

Time

  • Played on: March 1, 2018, 8:20 a.m.
  • Length: 17:32

All games in this series

Show
View Real Time Build Order
Export as new Build Order

SpeCial Terran 

Build Orders: Gas First Reaper Expand, Reaper Expand, MMM Bio 

Get SALT Encoding   

  12  0:00  SCV  
  13  0:12  SCV  
  14  0:16  Supply Depot  
  14  0:24  SCV  
  14  0:27  Refinery  
  15  0:38  SCV  
  16  0:44  Barracks  
  16  0:50  SCV  
  17  1:02  SCV  
  18  1:14  SCV  
  19  1:31  Reaper, Orbital Command  
  20  1:48  Command Center  
  20  1:58  Factory  
  20  1:59  SCV  
  21  2:07  Reaper  
  22  2:13  Supply Depot  
  22  2:14  SCV  
  23  2:18  Refinery  
  23  2:34  SCV  
  23  2:39  Marine  
  23  2:44  Hellion  
  23  2:45  Starport  
  23  2:46  SCV  
  26  2:58  SCV, Marine  
  28  3:10  SCV  
  28  3:12  Cyclone  
  31  3:14  Orbital Command  
  31  3:18  Marine  
  32  3:23  SCV  
  32  3:25  Starport Tech Lab  
  33  3:36  SCV, Marine  
  33  3:40  SCV  
  36  3:48  SCV, Raven  
  34  3:57  Marine  
  33  4:03  SCV x2  
  33  4:05  Cyclone  
  38  4:15  SCV x2  
  38  4:16  Barracks Reactor  
  40  4:25  Command Center  
  40  4:28  SCV x2  
  42  4:36  Supply Depot  
  44  4:39  Factory Tech Lab  
  44  4:40  SCV x2  
  44  4:50  Siege Tank  
  46  4:52  SCV  
  46  4:53  SCV  
  46  4:58  Viking, Marine x2  
  50  5:05  SCV x2  
  50  5:06  Supply Depot  
  52  5:12  Refinery  
  52  5:14  Refinery  
  52  5:15  Marine x2  
  52  5:17  SCV x2  
  54  5:23  Supply Depot  
  54  5:28  Siege Tank  
  57  5:29  SCV  
  57  5:30  SCV  
  57  5:33  Marine x2  
  59  5:41  SCV  
  59  5:42  SCV  
  59  5:46  Orbital Command  
  57  5:53  SCV  
  57  5:54  Viking, SCV  
  61  6:00  Engineering Bay  
  61  6:03  Engineering Bay  
  59  6:04  Siege Tank  
  59  6:05  SCV  
  59  6:06  SCV  
  59  6:14  Barracks Tech Lab  
  59  6:17  SCV x2  
  59  6:18  SCV  
  55  6:22  Barracks  
  55  6:26  Barracks  
  55  6:29  SCV  
  55  6:30  SCV x2  
  55  6:32  Starport Reactor, Marine  
  58  6:33  Stimpack  
  59  6:41  SCV  
  59  6:42  SCV x2, Terran Infantry Weapons Level 1  
  62  6:50  Missile Turret, Marine  
  62  6:53  SCV  
  62  6:54  SCV x2  
  68  6:55  Terran Infantry Armor Level 1  
  68  6:57  Refinery  
  66  7:05  SCV  
  66  7:06  SCV x2  
  69  7:15  Supply Depot  
  70  7:16  Marine x2  
  70  7:17  SCV  
  70  7:18  SCV x2, Marauder  
  75  7:28  Medivac x2, Combat Shields  
  75  7:29  SCV, Marauder  
  82  7:30  SCV x2  
  82  7:33  Barracks x2  
  84  7:39  Supply Depot  
  84  7:44  SCV x2, Orbital Command  
  86  7:45  Supply Depot  
  86  7:47  Marine x2  
  86  7:48  Marauder  
  90  7:56  SCV x2  
  92  8:00  Medivac x2  
  96  8:08  SCV x2  
  96  8:10  Supply Depot  
  96  8:12  SCV  
  99  8:16  Marine x2  
  99  8:17  Marauder  
  105  8:20  SCV x2, Marauder  
  105  8:21  Supply Depot  
  105  8:23  Barracks Reactor  
  105  8:24  SCV, Barracks Tech Lab  
  108  8:31  Refinery  
  108  8:32  SCV, Refinery  
  108  8:33  Supply Depot  
  109  8:37  Marine  
  109  8:38  Marine  
  109  8:39  Marauder  
  115  8:41  Marauder  
  115  8:44  SCV  
  115  8:47  Marauder  
  118  8:50  Viking  
  118  8:51  Armory  
  118  8:53  Supply Depot, Viking  
  121  8:56  SCV x3  
  124  9:10  Supply Depot, Command Center  
  124  9:16  Marine x4  
  129  9:17  Marauder x2  
  129  9:18  Marauder  
  133  9:27  Sensor Tower  
  133  9:28  Supply Depot  
  133  9:31  Supply Depot  
  133  9:32  Viking x2  
  135  9:41  Starport  
  135  9:42  Starport  
  135  9:49  Marine x2  
  135  9:50  Marine x2  
  135  9:51  Marauder x3  
  145  9:58  SCV  
  145  9:59  SCV  
  147  10:02  Fusion Core, Viking x2  
  151  10:14  Terran Infantry Weapons Level 2  
  151  10:15  Terran Infantry Armor Level 2  
  151  10:17  Terran Ship Weapons Level 1  
  151  10:20  Starport Reactor, Starport Tech Lab  
  151  10:23  Orbital Command  
  151  10:24  SCV x3  
  154  10:32  Liberator  
  154  10:35  Viking x2, Refinery  
  154  10:36  SCV  
  154  10:41  Liberator  
  154  10:42  Refinery  
  159  10:47  Marauder x3  
  159  10:49  Advanced Ballistics  
  168  10:56  Concussive Shells  
  168  10:59  Liberator  
  168  11:01  Viking  
  173  11:07  Command Center  
  173  11:08  Marauder  
  175  11:11  Barracks  
  175  11:14  Barracks, Liberator  
  175  11:15  Liberator  
  175  11:16  Viking, Barracks  
  172  11:55  Supply Depot  
  172  11:56  Supply Depot x2  
  172  11:58  Supply Depot  
  172  12:00  Liberator x5  
  172  12:01  Command Center  
  170  12:07  Barracks Reactor, Marine, Barracks Tech Lab  
  171  12:15  Marine  
  172  12:17  Marine, Marauder x2  
  192  12:23  Refinery  
  192  12:26  Sensor Tower  
  192  12:36  Terran Ship Weapons Level 2  
  191  12:42  Liberator  
  191  12:43  Liberator x2  
  147  13:00  Viking  
  147  13:02  Marine x5, Marauder x3  
  147  13:03  Missile Turret, Marine, Marauder  
  147  13:04  Missile Turret  
  172  13:05  Viking  
  174  13:23  Fusion Core  
  174  13:25  Starport  
  174  13:30  Viking  
  176  13:35  Viking, Starport  
  177  13:45  Viking x2  
  177  13:47  Raven  
  175  14:04  Supply Depot  
  175  14:05  Planetary Fortress  
  175  14:07  Viking  
  175  14:08  Viking, Starport Reactor  
  173  14:11  Armory  
  173  14:13  Starport Reactor  
  173  14:14  Liberator x3  
  173  14:20  Liberator x2  
  137  14:37  SCV x4  
  140  14:44  Marine x2, Marauder  
  140  14:45  Marine, Refinery  
  124  14:46  Marine x3, Marauder  
  124  14:47  Marauder  
  124  14:48  Viking  
  124  14:49  SCV x3  
  124  14:51  Refinery  
  137  14:57  Terran Vehicle And Ship Armor Level 1, Liberator  
  137  14:59  SCV  
  138  15:01  SCV  
  138  15:02  Viking  
  138  15:03  Viking  
  143  15:07  Marine x2  
  143  15:08  Marine x4, Command Center, Marauder x2  
  153  15:16  Sensor Tower  
  153  15:17  Barracks Tech Lab  
  153  15:19  Raven  
  158  15:23  Viking  
  158  15:26  Viking  
  162  15:29  Marine x2, Marauder  
  162  15:30  Marauder  
  168  15:40  Viking x2  
  168  15:41  Viking  
  172  15:58  Refinery  
  172  16:02  Raven  
  169  16:07  Viking x2  
  169  16:08  Viking  
  164  16:28  Refinery  
  164  16:30  Missile Turret, Refinery  
  164  16:31  Viking  
  164  16:32  Viking x3  
  171  16:45  Raven  
  137  16:55  Viking x3  
  137  16:58  Viking  
  137  17:00  Marine  
  137  17:01  Viking, Marauder  
  133  17:02  Viking  
  133  17:06  SCV x3  
Show
View Real Time Build Order
Export as new Build Order

Maru Terran - Winner!

Build Orders: 1/1/1, Cyclone Opening, Mech 

Get SALT Encoding   

  12  0:00  SCV  
  13  0:13  SCV  
  14  0:17  Supply Depot  
  14  0:25  SCV  
  14  0:27  Refinery  
  15  0:38  SCV  
  16  0:44  Barracks  
  16  0:50  SCV  
  16  0:56  Refinery  
  17  1:02  SCV  
  18  1:15  SCV  
  19  1:31  Reaper, Orbital Command  
  20  1:37  Factory  
  20  1:46  Supply Depot  
  20  1:56  SCV  
  21  2:03  Reaper  
  22  2:08  SCV  
  23  2:20  Cyclone  
  23  2:22  SCV  
  27  2:26  Starport  
  27  2:34  SCV  
  28  2:37  Barracks Tech Lab  
  28  2:45  Supply Depot  
  28  2:49  SCV  
  28  2:52  Hellion  
  30  3:01  SCV  
  31  3:15  Command Center  
  31  3:22  Cloaking Field  
  31  3:30  Banshee  
  31  3:33  SCV  
  35  3:38  Barracks Reactor  
  35  3:44  Factory Tech Lab  
  35  3:45  SCV  
  35  3:47  Supply Depot  
  33  3:57  SCV  
  31  4:04  Cyclone  
  31  4:09  SCV  
  35  4:13  Banshee  
  38  4:20  Marine x2  
  38  4:21  SCV  
  41  4:27  Orbital Command  
  40  4:33  SCV  
  40  4:38  Marine x2  
  42  4:41  Siege Tank  
  46  4:45  SCV  
  47  4:53  SCV  
  47  4:56  Marine x2  
  47  4:58  SCV  
  51  5:00  Supply Depot  
  51  5:08  SCV, Command Center  
  51  5:13  Raven  
  54  5:17  Siege Tank  
  54  5:20  SCV x2  
  59  5:27  Refinery x2  
  59  5:35  SCV  
  60  5:38  SCV  
  60  5:41  Supply Depot  
  61  5:43  Marine x2  
  61  5:47  SCV  
  64  5:50  SCV  
  65  5:59  SCV  
  65  6:00  Armory  
  65  6:01  Marine x2, Armory  
  65  6:02  SCV  
  66  6:11  SCV  
  66  6:12  Siege Tank  
  66  6:14  SCV  
  71  6:23  SCV  
  71  6:24  Factory  
  72  6:26  SCV  
  72  6:27  Factory  
  72  6:31  Orbital Command  
  73  6:35  SCV  
  73  6:38  SCV  
  75  6:42  Starport Reactor  
  75  6:46  Siege Tank  
  78  6:47  SCV  
  78  6:50  SCV  
  77  6:59  SCV  
  77  7:00  SCV, Refinery x2  
  77  7:01  Terran Vehicle And Ship Armor Level 1, Terran Vehicle Weapons Level 1  
  79  7:03  SCV  
  79  7:08  Supply Depot  
  80  7:12  SCV x2  
  82  7:17  Infernal Pre-Igniter, Hellion x2  
  82  7:18  SCV  
  81  7:24  SCV  
  81  7:28  Siege Tank  
  81  7:29  SCV  
  86  7:30  SCV  
  86  7:34  Supply Depot  
  86  7:36  SCV  
  88  7:41  Viking x2, SCV  
  93  7:45  Hellion x2  
  93  7:46  SCV  
  93  7:48  SCV  
  93  7:51  Supply Depot x2  
  99  7:53  Factory  
  99  7:54  Factory  
  99  7:56  SCV  
  99  7:58  Engineering Bay  
  100  8:06  Siege Tank x2  
  100  8:12  Command Center  
  106  8:13  SCV  
  106  8:16  SCV x2  
  109  8:23  Sensor Tower  
  109  8:26  Supply Depot  
  109  8:27  Viking  
  109  8:29  Viking  
  109  8:30  SCV  
  109  8:33  SCV  
  115  8:37  Factory Tech Lab  
  115  8:38  Factory Reactor  
  115  8:44  Hellion, Siege Tank x2  
  122  8:57  Hellion, Siege Tank  
  122  9:02  Viking x2  
  130  9:06  Supply Depot  
  130  9:09  Hellion  
  132  9:13  Supply Depot x2  
  132  9:23  Supply Depot, Hellion x3, Siege Tank x2  
  132  9:24  Supply Depot, Planetary Fortress  
  144  9:25  Supply Depot  
  144  9:35  Terran Vehicle Weapons Level 2  
  144  9:37  Hellion  
  146  9:39  SCV x3  
  146  9:44  Sensor Tower  
  146  9:45  Supply Depot  
  149  9:50  Terran Vehicle And Ship Armor Level 2  
  149  9:52  SCV  
  150  9:53  Refinery  
  150  9:54  Refinery  
  150  9:56  Missile Turret  
  150  9:59  SCV  
  157  10:09  Hellion  
  157  10:11  Smart Servos  
  157  10:13  Hellion x11  
  161  10:14  Hellion  
  161  10:19  Thor x2  
  161  10:21  Hellion x2  
  171  10:32  Command Center  
  171  10:39  Thor  
  171  10:41  Viking x2  
  181  10:53  Hellion  
  181  10:54  Hellion x3  
  189  11:02  Missile Turret  
  189  11:11  Viking x2  
  193  11:18  Starport x2  
  193  11:19  Starport, Command Center  
  190  11:41  Viking x2  
  193  11:51  Terran Ship Weapons Level 1  
  193  11:53  Hellion, Siege Tank  
  196  12:05  Siege Tank  
  196  12:07  Terran Vehicle And Ship Armor Level 3  
  193  12:11  Viking x2  
  197  12:16  Starport Reactor x2, Starport Tech Lab  
  193  12:27  Planetary Fortress  
  193  12:49  Viking x3  
  194  12:57  Viking x2  
  194  12:58  Viking x2  
  195  12:59  Hellion x4  
  195  13:00  Refinery x2  
  195  13:02  Orbital Command  
  195  13:05  Starport x2, Refinery  
  195  13:06  Starport  
  195  13:12  Refinery  
  195  13:19  Viking x2  
  199  13:38  Viking  
  199  13:39  Viking  
  199  13:45  Starport Tech Lab  
  199  13:46  Starport Tech Lab, Corvid Reactor  
  199  13:51  Starport Tech Lab  
  199  13:58  Refinery  
  199  14:00  Sensor Tower  
  199  14:04  Terran Vehicle Weapons Level 3  
  195  14:12  Viking x2  
  195  14:15  Command Center  
  195  14:16  Liberator x3  
  195  14:17  Command Center x2, Liberator  
  168  14:32  Raven  
  168  14:33  Raven x3  
  168  14:36  Fusion Core, Siege Tank  
  169  14:43  Terran Ship Weapons Level 2  
  149  14:46  Thor  
  149  14:49  Viking  
  157  14:57  Hellion, Siege Tank  
  162  15:00  SCV x4  
  162  15:01  Liberator x3  
  166  15:15  Raven x2  
  166  15:19  Raven  
  181  15:22  SCV  
  181  15:23  SCV  
  181  15:25  Viking  
  181  15:26  Advanced Ballistics  
  185  15:35  Orbital Command  
  185  15:36  Orbital Command  
  185  15:41  Raven  
  187  15:44  Viking x2  
  191  15:58  Raven  
  191  16:00  Planetary Fortress  
  191  16:01  SCV x4  
  191  16:02  SCV x2  
  196  16:12  Missile Turret  
  196  16:21  Refinery  
  196  16:22  Command Center  
  196  16:24  Missile Turret  
  196  16:26  Missile Turret  
  196  16:43  Hellion x7  
  196  16:44  Missile Turret  
  193  16:53  Viking x2  
  171  16:57  Viking  
  170  17:08  Hellion x2  

Tags
 
Add a new tag
Caveats
  • Supply blocks, unpowered buildings, or Contaminate may cause inaccurate times.
  • Supply counts are checked every 10 seconds.